 Dungeon Crawl Stone Soup version 0.27.0-1-g7a089689b8 (webtiles) character file.

Game seed: 12062200496315272975

18951 SunEater the Severer (level 12, -13/110 HPs)
             Began as a Minotaur Fighter on Aug 16, 2021.
             Was the Champion of Okawaru.
             Mangled by a komodo dragon (15 damage)
             ... on level 1 of the Shoals.
             The game lasted 00:30:48 (11745 turns).

SunEater the Severer (Minotaur Fighter)            Turns: 11745, Time: 00:30:49

Health: -13/110    AC: 19    Str: 31    XL:     12   Next: 32%
Magic:  0/11       EV:  7    Int:  5    God:    Okawaru [******]
Gold:   588        SH: 14    Dex: 17    Spells: 11/11 levels left

rFire    . . .     SeeInvis .   w - +4 hand axe (flame)
rCold    . . .     Faith    .   c - +0 kite shield
rNeg     . . .     Spirit   +   F - +0 plate armour
rPois    .         Reflect  .   N - +0 hat
rElec    .         Harm     .   u - +1 cloak {Will+}
rCorr    .         Rampage  .   (no gloves)
Will     +....                  P - +0 pair of boots {Fly}
Stlth    ..........             f - amulet of guardian spirit
HPRegen  0.28/turn              H - +6 ring of strength
MPRegen  0.12/turn              z - +6 ring of dexterity

@: flying
A: horns 2, retaliatory headbutt
a: Renounce Religion, Heroism, Finesse


You were on level 1 of the Shoals.
You worshipped Okawaru.
Okawaru was exalted by your worship.
You visited 4 branches of the dungeon, and saw 14 of its levels.

You collected 841 gold pieces.
You spent 253 gold pieces at shops.

Inventory:

Hand Weapons
 g - the +11 hand axe "Xumokhle" {freeze, rF+ rC+++ rN++ Will-}
   (You found it on level 1 of the Lair of Beasts)

   It freezes those it strikes, dealing additional cold damage.
   It can also slow down cold-blooded creatures.
   rF:        It protects you from fire.
   rC:        It renders you almost immune to cold.
   rN:        It greatly protects you from negative energy.
   Will:      It decreases your willpower.
 w - a +4 hand axe of flaming (weapon)
 y - the +10 war axe "Dilaerak" {speed, +Blink}
   (You found it on level 5 of the Dungeon)

   Attacks with this weapon are significantly faster.
   +Blink:    It lets you blink.
 D - a +2 vorpal flail
Missiles
 h - 6 javelins (quivered)
Armour
 c - a +0 kite shield (worn)
 u - a +1 cloak of willpower (worn)
 A - the +0 robe of Lies {SInv Archmagi}
   (You found it on level 6 of the Dungeon)

   SInv:      It lets you see invisible.
   Archmagi:  It increases the power of your magical spells.
 F - a +0 plate armour (worn)
 N - a +0 hat (worn)
 P - a +0 pair of boots of flying (worn)
Jewellery
 e - a +4 ring of slaying
 f - an amulet of guardian spirit (around neck)
 q - an amulet of regeneration
 z - a +6 ring of dexterity (right hand)
 H - a +6 ring of strength (left hand)
 Q - a +6 ring of strength
 R - a +6 ring of intelligence
 S - a ring of flight
Wands
 G - a wand of paralysis (7)
 L - a wand of digging (2)
 M - a wand of polymorph (11)
Scrolls
 a - 2 scrolls of fear {unknown}
 i - 2 scrolls of magic mapping
 j - 2 scrolls of blinking {unknown}
 l - 2 scrolls of vulnerability {unknown}
 n - 4 scrolls of teleportation
 r - 2 scrolls of noise {unknown}
 t - 2 scrolls of fog {unknown}
 v - 4 scrolls of enchant armour {unknown}
 x - 3 scrolls of immolation
 E - a scroll of amnesia {unknown}
 K - 3 scrolls of identify
 O - a scroll of holy word {unknown}
Potions
 b - a potion of haste {unknown}
 d - 2 potions of might
 k - a potion of attraction {unknown}
 m - 5 potions of curing
 o - 2 potions of heal wounds {unknown}
 p - a potion of mutation {unknown}
 s - 3 potions of flight
 B - 2 potions of magic {unknown}
 C - 4 potions of brilliance
 I - a potion of lignification {unknown}
 J - a potion of invisibility {unknown}


   Skills:
 + Level 11.1 Fighting
 + Level 15.5 Axes
 - Level 0.5(10.4) Maces & Flails
 + Level 11.6 Armour
 + Level 10.7 Shields
 + Level 0.3 Invocations


You had 11 spell levels left.
You didn't know any spells.
Your spell library contained the following spells:

 Spells                   Type           Power      Damage    Failure   Level
 Animate Skeleton         Necr           0%         N/A       99%         1
 Apportation              Tloc           0%         N/A       99%         1
 Foxfire                  Conj/Fire      0%         2x1d4     99%         1
 Freeze                   Ice            0%         1d3       99%         1
 Magic Dart               Conj           0%         1d3       99%         1
 Pain                     Necr           0%         1d4       99%         1
 Sting                    Tmut/Pois      0%         1d3       99%         1
 Call Imp                 Summ           0%         N/A       100%        2
 Corpse Rot               Necr/Air       N/A        N/A       100%        2
 Poisonous Vapours        Pois/Air       0%         N/A       100%        2
 Conjure Flame            Conj/Fire      0%         6-21      100%        3
 Frozen Ramparts          Ice            0%         1d2       100%        3
 Ignite Poison            Fire/Tmut/Pois 0%         N/A       100%        3
 Inner Flame              Hex/Fire       0%         N/A       100%        3
 Mephitic Cloud           Conj/Pois/Air  0%         N/A       100%        3
 Stone Arrow              Conj/Erth      0%         3d7       100%        3
 Vampiric Draining        Necr           0%         2d6       100%        3
 Hailstorm                Conj/Ice       0%         3d3       100%        4
 Olgreb's Toxic Radiance  Pois           0%         N/A       100%        4
 Agony                    Necr           0%         N/A       100%        5
 Alistair's Intoxication  Tmut/Pois      0%         N/A       100%        5
 Bolt of Magma            Conj/Fire/Erth 0%         4d4       100%        5
 Excruciating Wounds      Necr           0%         N/A       100%        5
 Freezing Cloud           Conj/Ice/Air   0%         6-21      100%        5
 Invisibility             Hex            0%         N/A       100%        6
 Shatter                  Erth           0%         3d5*      100%        9


Dungeon Overview and Level Annotations

Branches:
Dungeon (10/15)            Temple (1/1) D:5            Lair (2/6) D:8
 Shoals (1/4) Lair:2          Orc (0/2) D:9
  Snake: Lair:2-4    Spider: Lair:2-4

Altars:
Ashenzari
Cheibriados
Dithmenos
Elyvilon
Fedhas
Gozag
Hepliaklqana
Kikubaaqudgha
Makhleb
Nemelex Xobeh
Okawaru
Qazlal
Ru
Sif Muna
Trog
Uskayaw
Vehumet
Wu Jian
Xom
Yredelemnul
Zin
The Shining One

Shops:
D:8 *

Annotations:
D:7 1 runed translucent door, bjtr's ghost, novice OpCj
D:10 exclusion: orange crystal statue


Innate Abilities, Weirdness & Mutations

You have a pair of horns on your head.
You reflexively headbutt those who attack you in melee.


Message History

The six-headed hydra barely misses you.
The six-headed hydra bites you but does no damage.
You fly downwards.
Welcome to the Shoals!
This branch is very noisy, and so sound travels much less far.
This branch contains the barnacled rune of Zot.
There is a staircase back to the Lair here.
You slice one of the six-headed hydra's heads off!
The flame cauterises the wound!
You slash the five-headed hydra! You burn the five-headed hydra!
You headbutt the five-headed hydra!
The five-headed hydra is moderately wounded.
You hit the komodo dragon. You burn the komodo dragon.
You block the komodo dragon's attack. The five-headed hydra bites you.
* * * LOW HITPOINT WARNING * * *
The five-headed hydra bites you but does no damage.
The five-headed hydra bites you.
* * * LOW HITPOINT WARNING * * *
The five-headed hydra bites you but does no damage.
You block the five-headed hydra's attack.
You slice one of the five-headed hydra's heads off!
The flame cauterises the wound!
You hit the four-headed hydra. You burn the four-headed hydra.
The four-headed hydra is moderately wounded.
You slash the komodo dragon! You burn the komodo dragon.
You lop one of the four-headed hydra's heads off!
The flame cauterises the wound!
You hit the three-headed hydra. You burn the three-headed hydra.
You headbutt the three-headed hydra!
The three-headed hydra is severely wounded.
You hit the komodo dragon. You burn the komodo dragon.
The komodo dragon barely misses you. You furiously retaliate!
You headbutt the komodo dragon, but do no damage.
The three-headed hydra bites you but does no damage. x2
You block the three-headed hydra's attack.
You chop one of the three-headed hydra's heads off!
The flame cauterises the wound!
You slash the two-headed hydra! You burn the two-headed hydra.
Your headbutt misses the two-headed hydra.
The two-headed hydra is almost dead.
You hit the komodo dragon but do no damage.
The komodo dragon bites you!
You die...

≈≈≈≈≈≈≈≈≈≈
≈≈≈≈≈≈≈≈≈
.≈≈≈≈≈≈≈≈
..≈≈≈≈≈≈≈
#.≈≈≈≈≈≈≈
#..≈≈≈≈≈≈
#.l≈≈≈≈≈≈
#@D.≈≈≈≈≈
###..≈≈≈≈
≈≈≈≈≈ ≈≈≈≈
≈≈≈ ≈≈ ≈


You could see a two-headed hydra and a komodo dragon.

Vanquished Creatures
  2 hydras
  Erica (D:9)
  A two-headed ogre (D:8)
  Pikel (D:9)
  2 manticores (D:9)
  A cyclops (D:9)
  3 merfolk sirens (Lair:2)
  Joseph (D:10)
  3 cane toads
  An unseen horror (D:10)
  2 komodo dragons
  A merfolk (Lair:2)
  A polar bear (Lair:1)
  7 blink frogs (Lair:1)
  A hornet (D:9)
  A vampire (D:9)
  A wraith (D:9)
  6 humans (D:8)
  A wyvern (D:7)
  15 yaks
  3 steam dragons
  A basilisk (Lair:1)
  An acid dragon (D:9)
  7 water moccasins
  Duvessa (D:7)
  9 orc warriors
  An ice beast (D:7)
  A black bear (D:8)
  3 necrophages
  5 centaurs
  An ogre (D:6)
  4 wolves (Lair:2)
  2 phantoms
  3 kobold brigands
  7 bullfrogs
  3 scorpions
  2 gnoll sergeants
  A water moccasin zombie (D:7)
  Dowan (D:7)
  6 killer bees
  8 wights
  2 centaur zombies (D:7)
  4 hounds
  3 jellies
  A bullfrog skeleton (D:7)
  8 orc priests
  A centaur skeleton (D:4)
  Crazy Yiuf (D:7)
  4 iguanas
  4 orc wizards
  11 gnolls
  6 adders
  A white imp (D:6)
  2 ufetubi
  A dart slug (D:1)
  49 orcs
  7 ball pythons
  8 endoplasms
  2 giant cockroaches (D:2)
  6 goblins
  6 hobgoblins
  7 jackals
  5 quokkas
  4 bats
  2 frilled lizards
  13 kobolds
  6 rats
286 creatures vanquished.

Vanquished Creatures (others)
  An orc (D:7)
  4 fungi (D:8)
  4 plants
9 creatures vanquished.

Grand Total: 295 creatures vanquished

Notes
Turn   | Place    | Note
-------+----------+-------------------------------------------
     0 | D:1      | SunEater the Minotaur Fighter began the quest for the Orb.
     0 | D:1      | Reached XP level 1. HP: 19/19 MP: 0/0
   281 | D:1      | Reached XP level 2. HP: 27/27 MP: 1/1
  1148 | D:2      | Reached XP level 3. HP: 33/33 MP: 2/2
  1227 | D:2      | Reached skill level 3 in Axes
  1921 | D:3      | Reached XP level 4. HP: 40/40 MP: 3/3
  2045 | D:3      | Reached skill level 4 in Axes
  2673 | D:4      | Reached XP level 5. HP: 45/47 MP: 4/4
  3015 | D:4      | Noticed a necrophage
  3024 | D:4      | Killed a necrophage
  3025 | D:4      | Reached skill level 5 in Axes
  3025 | D:4      | Reached skill level 5 in Armour
  3025 | D:4      | Reached skill level 5 in Shields
  3025 | D:4      | Reached XP level 6. HP: 53/53 MP: 5/5
  3482 | D:4      | Reached skill level 6 in Axes
  3554 | D:5      | Entered Level 5 of the Dungeon
  3563 | D:5      | Found a staircase to the Ecumenical Temple.
  3573 | Temple   | Entered the Ecumenical Temple
  3615 | Temple   | Became a worshipper of Warmaster Okawaru
  3728 | D:5      | Reached skill level 5 in Fighting
  3728 | D:5      | Reached XP level 7. HP: 60/61 MP: 4/6
  4059 | D:5      | Identified the +10 war axe "Dilaerak" {speed, +Blink}
  4073 | D:5      | Reached skill level 7 in Axes
  4131 | D:5      | Reached * piety under Okawaru
  4454 | D:6      | Reached XP level 8. HP: 66/70 MP: 5/7
  4629 | D:6      | Identified the +0 robe of Lies {SInv Archmagi}
  5047 | D:6      | Reached skill level 8 in Axes
  5624 | D:7      | Found a runed translucent door.
  5624 | D:7      | Noticed bjtr's ghost (novice OpCj)
  5691 | D:7      | Found a runed translucent door.
  5692 | D:7      | Noticed Crazy Yiuf
  5697 | D:7      | Killed Crazy Yiuf
  5801 | D:7      | Noticed Duvessa
  5803 | D:7      | Noticed Dowan
  5811 | D:7      | Killed Duvessa
  5811 | D:7      | Reached ** piety under Okawaru
  5813 | D:7      | Killed Dowan
  5814 | D:7      | Reached skill level 9 in Axes
  6076 | D:7      | Reached XP level 9. HP: 79/79 MP: 8/8
  6087 | D:7      | Identified the +1 robe of Sin {SInv}
  6828 | D:8      | Found Tytea's Assorted Antiques.
  6836 | D:8      | Bought an amethyst potion for 18 gold pieces
  6836 | D:8      | Bought a dark potion for 18 gold pieces
  6836 | D:8      | Bought a grey potion for 18 gold pieces
  6836 | D:8      | Bought a fine cloak for 199 gold pieces
  6836 | D:8      | Identified the -5 cloak "Xyen" {Drain Str+8 Dex+7} (You
                  | bought it in a shop on level 8 of the Dungeon)
  6841 | D:8      | Noticed a two-headed ogre
  6844 | D:8      | Reached skill level 10 in Axes
  6852 | D:8      | Killed a two-headed ogre
  6852 | D:8      | Reached *** piety under Okawaru
  7164 | D:8      | Reached skill level 11 in Axes
  7239 | D:8      | Reached XP level 10. HP: 53/89 MP: 6/9
  7696 | D:8      | Reached **** piety under Okawaru
  7764 | D:8      | Reached skill level 12 in Axes
  7929 | D:8      | Found a staircase to the Lair.
  7942 | Lair:1   | Entered Level 1 of the Lair of Beasts
  7943 | Lair:1   | Identified the +11 hand axe "Xumokhle" {freeze, rF+ rC+++
                  | rN++ Will-}
  7969 | Lair:1   | Noticed a cane toad
  7981 | Lair:1   | Received a gift from Okawaru
  7983 | Lair:1   | Killed a cane toad
  7983 | Lair:1   | Reached ***** piety under Okawaru
  7988 | Lair:1   | Reached skill level 10 in Armour
  8215 | Lair:1   | Noticed a four-headed hydra
  8225 | Lair:1   | Killed a one-headed hydra
  8226 | Lair:1   | Reached skill level 13 in Axes
  8226 | Lair:1   | Reached XP level 11. HP: 79/97 MP: 8/10
  8594 | Lair:1   | Found a hazy altar of Hepliaklqana.
  8963 | D:9      | Paralysed by a hornet for 3 turns
  9142 | D:9      | Noticed Erica
  9154 | D:9      | Killed Erica
  9155 | D:9      | Reached skill level 10 in Fighting
  9387 | D:9      | Noticed Pikel
  9398 | D:9      | Killed Pikel
  9407 | D:9      | Reached skill level 14 in Axes
  9416 | D:9      | Reached ****** piety under Okawaru
 10078 | D:9      | Received a gift from Okawaru
 10154 | D:9      | Reached skill level 10 in Shields
 10415 | D:9      | Found a staircase to the Orcish Mines.
 10559 | D:9      | Found an ornate altar of the Wu Jian Council.
 10559 | D:9      | Found an ancient bone altar of Kikubaaqudgha.
 10665 | D:10     | Entered Level 10 of the Dungeon
 11015 | D:10     | Noticed an orange crystal statue
 11235 | D:10     | Noticed Joseph
 11248 | D:10     | Killed Joseph
 11249 | D:10     | Reached XP level 12. HP: 108/108 MP: 11/11
 11638 | Lair:2   | Reached skill level 15 in Axes
 11695 | Lair:2   | Found a staircase to the Shoals.
 11719 | Lair:2   | Noticed a five-headed hydra
 11723 | Lair:2   | Noticed a six-headed hydra
 11735 | Lair:2   | Killed a two-headed hydra
 11741 | Shoals:1 | Entered Level 1 of the Shoals
 11742 | Shoals:1 | HP: 2/110 [five-headed hydra (4)]
 11745 | Shoals:1 | Mangled by a komodo dragon

Illustrated notes

Levels and vault maps discovered:
D:1:      ncdulo_wetmaze, layout_basic
D:2:      layout_basic, minmay_fractal_squares_gapless_5
D:3:      layout_basic, st_stairs_1
D:4:      layout_basic
D:5:      layout_basic, minmay_temple_entry_slanted
D:6:      layout_loops_ring, serial_co_window_serial, co_window_paths_a,
          co_window_paths_a, co_window_paths_a, co_window_paths_b,
          co_window_paths_b, co_window_corner_a, co_window_corner_a,
          co_window_cross_2, co_window_corner_b, co_window_of_opportunity_b,
          co_window_of_opportunity_c, co_window_broadway_a,
          co_window_unsneaky_path_d, glass_columns_b
D:7:      layout_cave_pods, ebering_ghost_inner_flame, uniq_crazy_yiuf_cottage,
          uniq_duvessa
D:8:      layout_cave_pools, grunt_lair_entry_orc_guard_hut, serial_shops,
          nicolae_shop_crystal, minmay_ruffians
D:9:      layout_long_grid, gammafunk_temple_overflow_wave, hiddenorc1_lemuel,
          grunt_ministairs_9, st_stairs_5, kb_rosetta, uniq_pikel, uniq_erica
D:10:     layout_roguey, disabler_island, uniq_joseph
Temple:   regret_index_temple_chain_breaker
Lair:1:   layout_hall_layers, basic_altar
Lair:2:   dpeg_oklob_gauntlet, layout_regular_city, elwin_shoals_entry_stream,
          minmay_snake_entry_guardpost_medium
Shoals:1: layout_shoals

Skill      XL: |  1  2  3  4  5  6  7  8  9 10 11 12 |
---------------+-------------------------------------+-----
Armour         | 4 5 6 7 8 10 11 | 11.6
Shields        | 4 5 6 7 8 9 10 | 10.7
Fighting       | 4 5 7 8 9 10 11 | 11.1
Axes           | 3 4 5 6 7 9 11 13 14 15 | 15.5
Maces & Flails | |  0.5
Invocations    | |  0.3

Action                   |  1- 3 |  4- 6 |  7- 9 | 10-12 || total
-------------------------+-------+-------+-------+-------++-------
Melee: War axe           |    63 |    56 |   100 |   282 ||   501
       Headbutt          |     4 |    20 |    23 |   100 ||   147
       Mace              |       |    21 |       |       ||    21
       Hand axe          |       |     3 |    25 |    32 ||    60
Invok: Heroism           |       |       |     1 |     1 ||     2
  Use: Scroll            |       |       |     2 |     3 ||     5
Armor: Scale mail        |    20 |    47 |    23 |       ||    90
       Plate armour      |       |       |    28 |   104 ||   132
Dodge: Dodged            |    14 |    32 |    18 |    46 ||   110
Block: Kite shield       |    26 |    48 |    65 |   152 ||   291
